Map: Darkness Sanctuary LE

Players

Arte

  • Race: Protoss Protoss
  • League: Platinum
  • Spawn Location: 7:00

BootyJorts - Winner!

  • Race: Zerg Zerg
  • Spawn Location: 5:00

VOD

Have the link to the VOD?

Description

Time

  • Played on: June 8, 2018, 2:46 a.m.
  • Length: 6:08
Show
View Real Time Build Order
Export as new Build Order

Arte Protoss 

Build Orders: 1 Gate Expand, Oracle Opening, Phoenix Opening 

Get SALT Encoding   

  12  0:01  Probe  
  13  0:13  Probe  
  14  0:19  Pylon  
  14  0:25  Probe  
  15  0:34  Probe  
  15  0:42  Probe  
  16  0:43  Gateway  
  16  0:48  Assimilator  
  17  0:52  Probe  
  18  1:04  Probe  
  19  1:24  Nexus  
  19  1:30  Cybernetics Core  
  19  1:35  Probe  
  19  1:38  Assimilator  
  20  1:47  Probe  
  21  1:54  Pylon  
  21  1:59  Probe  
  22  2:13  Probe  
  23  2:15  Stargate  
  23  2:21  Adept  
  25  2:25  Probe  
  26  2:33  Warp Gate  
  26  2:37  Probe  
  26  2:41  Probe  
  27  2:46  Pylon  
  27  2:49  Probe x2  
  30  2:58  Phoenix  
  30  3:00  Probe  
  30  3:01  Probe  
  30  3:02  Gateway  
  32  3:12  Probe  
  35  3:16  Probe  
  36  3:23  Oracle  
  36  3:24  Probe  
  40  3:29  Probe  
  41  3:36  Probe  
  41  3:38  Robotics Facility  
  42  3:41  Probe  
  44  3:48  Probe  
  44  3:53  Probe  
  44  3:54  Assimilator  
  45  3:58  Assimilator  
  45  3:59  Stalker  
  45  4:00  Probe  
  46  4:02  Pylon  
  48  4:14  Oracle  
  45  4:18  Immortal  
  32  4:56  Adept  
  32  4:57  Zealot  
Show
View Real Time Build Order
Export as new Build Order

BootyJorts Zerg - Winner!

Build Orders: Hatch First 

Get SALT Encoding   

  12  0:01  Drone  
  13  0:13  Overlord  
  13  0:18  Drone  
  14  0:31  Drone x2  
  14  0:35  Drone  
  17  0:55  Hatchery  
  16  0:58  Drone  
  16  1:01  Drone  
  18  1:11  Extractor  
  17  1:19  Spawning Pool  
  17  1:21  Drone  
  17  1:25  Drone  
  18  1:32  Drone  
  19  1:46  Overlord  
  19  1:56  Drone  
  20  2:06  Hatchery  
  19  2:12  Queen  
  21  2:20  Metabolic Boost  
  21  2:28  Queen  
  23  2:32  Zergling x2  
  23  2:35  Zergling x2  
  25  2:41  Drone  
  26  2:45  Drone  
  26  2:46  Drone x2  
  29  2:58  Drone x4  
  33  3:09  Overlord  
  33  3:19  Queen  
  35  3:21  Spore Crawler  
  35  3:23  Spore Crawler  
  35  3:24  Drone  
  34  3:32  Drone  
  35  3:38  Zergling x2  
  35  3:39  Zergling x12  
  42  3:45  Baneling Nest  
  41  3:48  Spore Crawler  
  41  3:52  Spine Crawler  
  41  3:53  Drone  
  41  3:55  Drone  
  41  4:11  Spine Crawler  
  41  4:12  Queen  
  41  4:13  Spine Crawler  
  41  4:14  Zergling x2  
  40  4:27  Zergling x4  
  42  4:37  Overlord x2  
  41  4:54  Queen  
  42  5:21  Drone x10  
  42  5:30  Hatchery  
  42  5:45  Spine Crawler  
  42  5:48  Spine Crawler  
Tags
 
Add a new tag
Caveats
  • Supply blocks, unpowered buildings, or Contaminate may cause inaccurate times.
  • Supply counts are checked every 10 seconds.